 Dungeon Crawl Stone Soup version 0.30.0-17-ge0270778cf (webtiles) character file.

Game seed: 13022854401944867281

24226 MacCMillion the Severer (level 12, -1/110 HPs)
             Began as a Minotaur Fighter on May 22, 2023.
             Was the Champion of Okawaru.
             Succumbed to poison (dark miasma)
             ... in a Gauntlet.
             The game lasted 00:21:53 (16133 turns).

MacCMillion the Severer (Minotaur Fighter)         Turns: 16133, Time: 00:21:54

Health: -1/110     AC: 22    Str: 30    XL:     12   Next: 78%
Magic:  15/15      EV: 15    Int:  5    God:    Okawaru [******]
Gold:   1823       SH:  5    Dex: 12    Spells: 11/11 levels left

rFire   . . .        U - +0 broad axe
rCold   . . .        c - +0 buckler
rNeg    . . .        J - +0 plate armour
rPois   +            (helmet restricted)
rElec   .            P - +2 cloak {Stlth+}
rCorr   .            l - +1 pair of gloves of the Poles {rPois}
SInv    .            r - +0 pair of boots
Will    .....        (no amulet) Stlth
                     n - +5 ring of evasion
HPRegen 0.38/turn    K - +6 ring of strength
MPRegen 0.14/turn

%: no teleportation
@: lethally poisoned (-1 -> -48), slowed, very slow
A: horns 2, retaliatory headbutt
a: Renounce Religion, Heroism, Finesse, Duel


You were in a Gauntlet.
You worshipped Okawaru.
Okawaru was exalted by your worship.
You visited 3 branches of the dungeon, and saw 15 of its levels.
You also visited: Bailey and Gauntlet.

You collected 1875 gold pieces.
You spent 52 gold pieces at shops.

Inventory:

Hand Weapons
 U - a +0 broad axe (weapon)
 X - a +0 war axe of venom
 Y - a +2 flail of freezing
Missiles
 b - 2 silver javelins
 A - 6 boomerangs (quivered)
 B - 4 atropa-tipped darts
 G - 74 poisoned darts
 L - a boomerang of dispersal
 T - 6 curare-tipped darts
 Z - 3 javelins
Armour
 c - a +0 buckler (worn)
 l - the +1 pair of gloves of the Poles (worn) {rPois}
   (You acquired it on level 1 of the Lair of Beasts)

   rPois:     It protects you from poison.
 r - a +0 pair of boots (worn)
 J - a +0 plate armour (worn)
 P - a +2 cloak of stealth (worn)
Jewellery
 n - a +5 ring of evasion (left hand)
 u - a ring of flight
 E - a ring of willpower
 K - a +6 ring of strength (right hand)
 N - a ring of ice
 S - a +6 ring of intelligence
 W - a ring of see invisible
Wands
 v - a wand of iceblast (19)
 x - a wand of mindburst (15)
Scrolls
 a - 2 scrolls of fog
 h - 3 scrolls of noise
 j - 3 scrolls of enchant armour
 k - 2 scrolls of immolation
 m - 4 scrolls of blinking {unknown}
 q - a scroll of vulnerability
 s - 2 scrolls of brand weapon
 y - 3 scrolls of enchant weapon {unknown}
 z - a scroll of silence
 D - a scroll of teleportation
 O - a scroll of identify
 Q - 2 scrolls of fear {unknown}
 R - 2 scrolls of summoning {unknown}
Potions
 d - 7 potions of might
 e - 2 potions of curing
 f - 7 potions of attraction
 g - a potion of lignification {unknown}
 i - 3 potions of haste
 o - 5 potions of brilliance
 p - 3 potions of heal wounds
 t - 6 potions of mutation
 w - 4 potions of ambrosia
 C - 3 potions of cancellation {unknown}
 F - 2 potions of flight {unknown}
 H - 2 potions of invisibility
 I - a potion of magic {unknown}
 M - 4 potions of degeneration {unknown}
 V - a potion of berserk rage {unknown}


   Skills:
 + Level 11.5 Fighting
 + Level 16.9 Axes
 + Level 4.7 Throwing
 + Level 11.5 Armour
 + Level 6.9 Dodging
 - Level 4.0 Shields
 + Level 6.4 Invocations


You had 11 spell levels left.
You didn't know any spells.
Your spell library contained the following spells:

 Spells                   Type           Power      Damage    Failure   Level
 Foxfire                  Conj/Fire      0%         2x1d4     99%         1
 Freeze                   Ice            0%         1d3       99%         1
 Scorch                   Fire           0%         2d5       99%         2
 Frozen Ramparts          Ice            0%         1d1       100%        3
 Hailstorm                Conj/Ice       0%         3d3       100%        3
 Stone Arrow              Conj/Erth      0%         3d7       100%        3
 Vhi's Electric Charge    Tloc/Air       0%         N/A       100%        3
 Flame Wave               Conj/Fire      0%         2d4       100%        4
 Alistair's Intoxication  Tmut/Pois      0%         N/A       100%        5
 Arcjolt                  Conj/Air       0%         1d10      100%        5
 Borgnjor's Vile Clutch   Necr/Erth      0%         N/A       100%        5
 Fireball                 Conj/Fire      0%         3d3       100%        5
 Eringya's Noxious Bog    Tmut/Pois      0%         N/A       100%        6
 Plasma Beam              Fire/Air       0%         2x1d11    100%        6
 Starburst                Conj/Fire      0%         6d3       100%        6
 Lehudib's Crystal Spear  Conj/Erth      0%         10d2      100%        8
 Maxwell's Capacitive Co  Air            0%         ∞         100%        8
 Animate Armour           Summ/Erth      Unusable   N/A       N/A         4
 Summon Cactus Giant      Summ           Unusable   N/A       N/A         6

Dungeon Overview and Level Annotations

Branches:
Dungeon (11/15)            Temple (1/1) D:4            Lair (3/5) D:8
 Spider (0/4) Lair:3          Orc (0/2) D:10         Bailey (visited)
Gauntlet (1/1)
  Swamp: Lair:2-3    Shoals: Lair:2-3

Altars:
Ashenzari
Cheibriados
Dithmenos
Elyvilon
Fedhas
Gozag
Hepliaklqana
Kikubaaqudgha
Makhleb
Nemelex Xobeh
Okawaru
Qazlal
Ru
Sif Muna
Trog
Uskayaw
Vehumet
Wu Jian
Xom
Yredelemnul
Zin
The Shining One

Shops:
D:1 :*(!:   D:4 (   D:6 ?   D:9 *   D:10 :!

Annotations:
D:3 1 runed translucent door, Crazy Yiuf, Sigmund
D:9 6 transporters
D:10 1 runed translucent door Gauntlet 9 transporters


Innate Abilities, Weirdness & Mutations

You have a pair of horns on your head.
You reflexively headbutt those who attack you in melee.


Message History

You feel very sick.
The death drake bites you but does no damage.
You feel better. You block the death drake's attack.
The death drake bites you but does no damage.
You hit the death drake.
The death drake is severely wounded.
The death drake bites you but does no damage.
The death drake breathes miasma at you. The foul vapour misses you.
You slash the death drake!
The death drake is almost dead.
You are engulfed in dark miasma.
* * * LOW HITPOINT WARNING * * *
The death drake misses you.
Unknown command.
You barely miss the death drake.
The death drake is almost dead.
The death drake bites you but does no damage. x2
Unknown command.
You barely miss the death drake. Your headbutt misses the death drake.
The death drake is almost dead.
The death drake breathes miasma at you. The foul vapour engulfs you.
You are lethally poisoned!
You feel as though you will be slow longer.
* * * LOW HITPOINT WARNING * * *
You feel better.
You are engulfed in dark miasma.
You are poisoned.
* * * LOW HITPOINT WARNING * * *
x2 You feel extremely sick.
The death drake barely misses you.
The death drake bites you but does no damage.
You slice the death drake!!
You kill the death drake!
Okawaru is honoured by your kill.
You are engulfed in dark miasma.
You are lethally poisoned!
You feel as though you will be slow longer.
* * * LOW HITPOINT WARNING * * *
You die...

#...≈8≈...#...#.8...###
#....≈....#.©.#.....#
####...###########..###
x≈.#...#.........#..#8#
.≈.#...#...###...#..###
≈≈©#...#.^..#....#..#
≈.§#...#.#..#©.#°#..###
X§≈#...#.#######°#..#8#
.≈x#...#.#..#..#@#..###
≈.x#...#....#°°°°#..#
.≈.#...#.^.#.#°°°#..###
.≈(#...#..[)©.?..#..#8#
####...###########..###
#....≈....#.©.#.....#
#...≈8≈...#...#.8...###
#....≈....#.©.#.....#8#
####...###########..###


There were no monsters in sight!

Vanquished Creatures
  A hydra (Lair:2)
  3 boulder beetles
  A death drake (Gauntlet)
  6 elephants
  Maurice (D:8)
  A black mamba (Lair:1)
  A gargoyle (D:11)
  A smoke demon (Gauntlet)
  7 cane toads
  A rime drake (Lair:1)
  2 kobold demonologists
  4 komodo dragons
  A red devil (Gauntlet)
  A harpy zombie (Gauntlet)
  A spectral harpy (Gauntlet)
  A hornet (D:10)
  A spectral meliai (Gauntlet)
  5 blink frogs (Lair:1)
  2 wraiths
  4 wyverns
  Eustachio (D:4)
  21 yaks
  3 basilisks
  Grum (D:9)
  A steam dragon (D:9)
  9 water moccasins
  3 orc warriors
  An ogre (D:5)
  A sky beast (D:7)
  A black bear (D:8)
  14 wolves
  6 centaurs
  A phantom (D:7)
  20 kobold brigands
  11 bullfrogs
  4 scorpions
  23 wights
  3 killer bees (D:7)
  3 crimson imps (Gauntlet)
  3 gnoll boudas
  7 hounds
  8 orc priests
  A jelly (D:5)
  Ijyb (D:3)
  3 iguanas
  9 orc wizards
  Robin (D:3)
  8 adders
  17 gnolls
  2 shadow imps
  An ufetubus (D:5)
  A worm (D:2)
  61 orcs
  A bat (D:1)
  6 endoplasms
  3 giant cockroaches (D:2)
  23 goblins
  9 hobgoblins
  2 jackals (D:2)
  12 kobolds
  3 quokkas
  12 ball pythons
  3 frilled lizards
  3 rats
372 creatures vanquished.

Notes
Turn   | Place    | Note
-------+----------+-------------------------------------------
     0 | D:1      | MacCMillion the Minotaur Fighter began the quest for the
                  | Orb.
     0 | D:1      | Reached XP level 1. HP: 19/19 MP: 0/0
    30 | D:1      | Found Kaolugon's Book Shop.
   146 | D:1      | Found Gim Peam's Weapon Shop.
   202 | D:1      | Reached XP level 2. HP: 27/27 MP: 1/1
   233 | D:1      | Reached skill level 1 in Dodging
   256 | D:1      | Found Piobouz's Book Shop.
   257 | D:1      | Found Yfeudett's Assorted Antiques.
   345 | D:1      | Reached skill level 3 in Axes
   429 | D:1      | Found Zengatiomi's Distillery.
   699 | D:2      | Reached XP level 3. HP: 33/33 MP: 2/2
   812 | D:2      | Reached skill level 4 in Axes
   949 | D:2      | Identified the +4 short sword "Zeweipp" {flame, rElec}
   968 | D:2      | Reached XP level 4. HP: 40/40 MP: 3/3
  1209 | D:2      | Reached skill level 5 in Axes
  1408 | D:3      | Noticed Ijyb
  1420 | D:3      | Killed Ijyb
  1439 | D:3      | Noticed Sigmund
  1849 | D:3      | Noticed Robin
  1867 | D:3      | Killed Robin
  1868 | D:3      | Reached XP level 5. HP: 46/46 MP: 4/4
  2011 | D:3      | Identified the +5 hammer "Lotz" {heavy, rPois Stlth+}
  2013 | D:3      | Identified the +4 hammer "Death Rattle" {venom, Fragile
                  | rPois Str+3 Dex+8}
  2041 | D:3      | Found a runed translucent door.
  2042 | D:3      | Noticed Crazy Yiuf
  2105 | D:4      | Reached skill level 6 in Axes
  2110 | D:4      | Found a staircase to the Ecumenical Temple.
  2133 | Temple   | Entered the Ecumenical Temple
  2187 | Temple   | Became a worshipper of Warmaster Okawaru
  2220 | D:4      | Noticed Eustachio
  2241 | D:4      | Killed Eustachio
  2242 | D:4      | Reached skill level 7 in Axes
  2242 | D:4      | Reached XP level 6. HP: 16/52 MP: 5/5
  2485 | D:4      | Reached skill level 8 in Axes
  2597 | D:4      | Found a hide-covered altar of Uskayaw.
  2750 | D:4      | Found Cujeb's Antique Weapon Shoppe.
  2954 | D:5      | Entered Level 5 of the Dungeon
  3158 | D:5      | Reached * piety under Okawaru
  3159 | D:5      | Reached skill level 9 in Axes
  3159 | D:5      | Reached XP level 7. HP: 58/58 MP: 6/6
  3190 | D:5      | Found an ancient bone altar of Kikubaaqudgha.
  3382 | D:5      | Reached skill level 10 in Axes
  3771 | D:5      | Noticed a wyvern
  3774 | D:5      | Killed a wyvern
  3883 | D:5      | Reached ** piety under Okawaru
  4038 | D:5      | Reached XP level 8. HP: 67/67 MP: 7/7
  4327 | D:6      | Found a shimmering altar of Xom.
  4410 | D:6      | Found Plog's Magic Scroll Shop.
  4415 | D:6      | Bought 2 scrolls of identify for 52 gold pieces
  4567 | D:6      | Reached skill level 1 in Invocations
  4852 | D:7      | Reached skill level 5 in Fighting
  4852 | D:7      | Reached skill level 5 in Armour
  5151 | D:7      | Found a flagged portal.
  5171 | Bailey   | Entered a bailey
  5426 | Bailey   | Reached *** piety under Okawaru
  5892 | D:7      | Reached skill level 11 in Axes
  5892 | D:7      | Reached XP level 9. HP: 69/75 MP: 10/10
  6558 | D:7      | Received a gift from Okawaru
  6566 | D:7      | Found a sacrificial altar of Ru.
  6849 | D:7      | Found an opulent altar of Gozag.
  7153 | D:8      | Reached **** piety under Okawaru
  7322 | D:8      | Reached skill level 12 in Axes
  7383 | D:8      | Noticed Maurice
  7398 | D:8      | Killed Maurice
  7398 | D:8      | Reached ***** piety under Okawaru
  7399 | D:8      | Reached XP level 10. HP: 86/88 MP: 12/12
  7460 | D:8      | Found a staircase to the Lair.
  7755 | D:9      | Found Nigeos's General Store.
  7821 | D:9      | Found a transporter.
  7822 | D:9      | Found a transporter.
  7822 | D:9      | Noticed Grum
  8128 | D:9      | Killed Grum
  8173 | D:9      | Found a stormy altar of Qazlal.
  8243 | D:9      | Identified the +2 battleaxe "Lobes" {drain, rN+} (Okawaru
                  | gifted it to you on level 9 of the Dungeon)
  8243 | D:9      | Received a gift from Okawaru
  8472 | D:9      | Found a transporter.
  8475 | D:9      | Found a transporter.
  8497 | D:9      | Found a transporter.
  8504 | D:9      | Found a transporter.
  8576 | D:9      | Found a white marble altar of Elyvilon.
  8596 | D:9      | Reached skill level 13 in Axes
  8871 | D:10     | Entered Level 10 of the Dungeon
  8949 | D:10     | Found a staircase to the Orcish Mines.
  9121 | D:10     | Found a runed translucent door.
  9129 | D:10     | Found a basalt altar of Yredelemnul.
  9169 | D:10     | Paralysed by a hornet for 3 turns
  9376 | D:10     | Found Urchuw's Book Boutique.
  9376 | D:10     | Found Catoti's Distillery.
  9478 | D:10     | Reached skill level 10 in Fighting
  9487 | D:10     | Reached skill level 10 in Armour
  9964 | D:10     | Reached XP level 11. HP: 98/99 MP: 13/13
  9970 | D:10     | Reached skill level 14 in Axes
 10615 | D:11     | Reached skill level 15 in Axes
 10705 | D:11     | Noticed a boulder beetle
 10949 | D:11     | Killed a boulder beetle
 10949 | D:11     | Received a gift from Okawaru
 11039 | D:11     | Noticed a boulder beetle
 11051 | D:11     | Killed a boulder beetle
 11663 | Lair:1   | Entered Level 1 of the Lair of Beasts
 11686 | Lair:1   | Reached skill level 16 in Axes
 11816 | Lair:1   | Reached skill level 1 in Throwing
 12221 | Lair:1   | Reached ****** piety under Okawaru
 12222 | Lair:1   | Reached skill level 5 in Dodging
 12279 | Lair:1   | Identified 3 scrolls of acquirement
 12280 | Lair:1   | Acquired 443 gold pieces
 12281 | Lair:1   | Acquired 645 gold pieces
 12282 | Lair:1   | Acquired the +1 pair of gloves of the Poles {rPois}
 12321 | Lair:1   | Identified the +1 quarterstaff "Getyxuhal" {venom, Str+4}
                  | (Okawaru gifted it to you on level 1 of the Lair of Beasts)
 12321 | Lair:1   | Received a gift from Okawaru
 12735 | Lair:2   | Noticed a boulder beetle
 12960 | Lair:2   | HP: 3/101 [black mamba (6)]
 13157 | Lair:1   | Reached skill level 5 in Invocations
 13494 | Lair:1   | Reached XP level 12. HP: 94/107 MP: 14/14
 14851 | Lair:2   | Noticed a six-headed hydra
 14866 | Lair:2   | Killed a six-headed hydra
 14866 | Lair:2   | Received a gift from Okawaru
 14927 | Lair:2   | Killed a boulder beetle
 14927 | Lair:2   | Received a gift from Okawaru
 15540 | Lair:3   | Found a hole to the Spider Nest.
 15604 | Lair:3   | Found a gate leading to a gauntlet.
 15649 | Gauntlet | Entered a Gauntlet
 15649 | Gauntlet | Found a transporter.
 15649 | Gauntlet | Found a transporter.
 15649 | Gauntlet | Found a transporter.
 15669 | Gauntlet | Found a transporter.
 15679 | Gauntlet | Found a transporter.
 15683 | Gauntlet | Found a transporter.
 15686 | Gauntlet | Noticed a great orb of eyes
 15693 | Gauntlet | Found a transporter.
 15742 | Gauntlet | Found a transporter.
 15742 | Gauntlet | Found a transporter.
 15780 | Gauntlet | Found a transporter.
 15784 | Gauntlet | Found a transporter.
 15794 | Gauntlet | Found a transporter.
 16133 | Gauntlet | Succumbed to poison (dark miasma)

Illustrated notes

Levels and vault maps discovered:
D:1:      spicycebolla_green_bress_n_ham_2, layout_basic, serial_shops,
          nicolae_shop_tiny_waterfront, nicolae_shop_trees,
          nicolae_shop_real_fake_doors, nicolae_book_shop_shelving,
          nicolae_shop_dealshenge, minmay_misc_feat_doors
D:2:      layout_basic
D:3:      layout_rooms, ebering_ghost_rock_garden, uniq_robin, uniq_ijyb,
          uniq_crazy_yiuf_cottage, uniq_sigmund
D:4:      layout_loops_ring, nicolae_overflow_crystal_walls,
          minmay_temple_entry_arrows, serial_shops,
          nicolae_shop_window_shopping, uniq_eustachio
D:5:      layout_basic, lemuel_coloured_pillars_altar
D:6:      layout_gridville, kennysheep_mini_moat, serial_shops, shop
D:7:      layout_layer_cave, mainiacjoe_overflow_alcove_4,
          mainiacjoe_overflow_alcove_1, enter_bailey_3,
          minmay_increasing_density
D:8:      layout_rooms, david_lair_shrubbed, uniq_maurice
D:9:      layout_roguey, elyvilon_altar_3, nicolae_qazlal_scattered_showers,
          nicolae_stop_n_shop_1, serial_nicolae_subway,
          nicolae_sub_station_stone, nicolae_sub_station_crystal,
          nicolae_sub_station_metal, uniq_grum
D:10:     layout_roguey, dk_yredelemnul_ordeal, hiddenorc2_lemuel, special_room
          [special_room_kobold], palyth_stone_intersect, hangedman_decor_points,
          nicolae_wooded_promenade, ebering_dispersal_statue_hall
D:11:     layout_basic
Temple:   nicolae_temple_ecumenical_triangle
Lair:1:   layout_chaotic_city, serial_bayou_shore_a
Lair:2:   wander_river, layout_big_grid, grunt_megastairs_5,
          infiniplex_staircase_pool_2, lemuel_fruit_fields
Lair:3:   layout_loops_ring, minmay_shoals_entry_hut,
          spider_nest_entry_web_field, gauntlet_entry_generic,
          chequers_serial_rivers_small_3, nicolae_lair_grazing_beasts
          [nicolae_sub_lair_graze_edge, nicolae_sub_lair_graze_edge,
          nicolae_sub_lair_graze_edge, nicolae_sub_lair_graze_edge],
          lemuel_fruit_tree
Gauntlet: gammafunk_gauntlet_hard_choice [gammafunk_gauntlet_arena_mazey,
          gammafunk_gauntlet_arena_arrow_garden,
          nicolae_gauntlet_arena_flowing_pool, nicolae_gauntlet_arena_t_cross,
          nicolae_gauntlet_arena_x, nicolae_gauntlet_arena_grate_2,
          gauntlet_exit_hidden_loot]

Skill      XL: |  1  2  3  4  5  6  7  8  9 10 11 12 |
---------------+-------------------------------------+-----
Dodging        | 1 2 4 5 6 |  6.9
Shields        | 4 |  4.0
Axes           | 3 4 5 7 9 10 11 12 13 16 | 16.9
Fighting       | 4 5 8 10 11 | 11.5
Armour         | 4 5 8 10 11 | 11.5
Invocations    | 2 4 5 6 |  6.4
Throwing       | 2 4 |  4.7

Action                     |  1- 3 |  4- 6 |  7- 9 | 10-12 || total
---------------------------+-------+-------+-------+-------++-------
  Melee: War axe           |    67 |   149 |   290 |   492 ||   998
         Headbutt          |     6 |    26 |    47 |   131 ||   210
         Broad axe         |       |       |       |    35 ||    35
         Flail             |       |       |       |     4 ||     4
  Throw: Boomerang         |       |       |     3 |     8 ||    11
         Dart              |       |       |       |     8 ||     8
 Invoke: Heroism           |       |       |       |     1 ||     1
    Use: Scroll            |       |       |     9 |    10 ||    19
         Potion            |       |       |       |     3 ||     3
 Armour: Scale mail        |    46 |    47 |    36 |       ||   129
         Plate armour      |       |       |    52 |   296 ||   348
  Dodge: Dodged            |    28 |   100 |   213 |   352 ||   693
  Block: Buckler           |    15 |    31 |    76 |   112 ||   234
